 Dungeon Crawl Stone Soup version 0.28.0-45-g0d030f2227 (webtiles) character file.

Game seed: 17268029731925145113

8912 protoss039 the Protected (level 11, -4/63 HPs)
             Began as a Gargoyle Fighter on Apr 11, 2022.
             Was a Priest of Okawaru.
             Slain by a troll simulacrum (17 damage)
             ... in an ice cave.
             The game lasted 00:26:29 (12202 turns).

protoss039 the Protected (Gargoyle Fighter)        Turns: 12202, Time: 00:26:30

Health: -4/63      AC: 28    Str: 25    XL:     11   Next: 38%
Magic:  14/16      EV:  9    Int:  9    God:    Okawaru [***...]
Gold:   729        SH:  7    Dex:  9    Spells: 10/10 levels left

rFire   . . .      SeeInvis .   E - +0 morningstar
rCold   . . .      Faith    .   c - +0 buckler
rNeg    + . .      Spirit   .   k - +0 plate armour
rPois   ∞          Reflect  .   A - +0 helmet {Int+3}
rElec   +          Harm     .   (no cloak)
rCorr   .          Rampage  .   w - +1 pair of gloves
Will    .....                   (no boots)
Stlth   ..........              B - amulet of regeneration
HPRegen 1.00/turn               (no ring)
MPRegen 0.15/turn               (no ring)

@: heroic
A: sickness immunity, AC +8, negative energy resistance 1, electricity
resistance, torment resistance 1, petrification resistance, [dopey 1], [frail 1]
a: Renounce Religion, Heroism


You were in an ice cave.
You worshipped Okawaru.
Okawaru was most pleased with you.
You visited 2 branches of the dungeon, and saw 12 of its levels.
You visited the Abyss 1 time.
You also visited: Ossuary and Ice Cave.

You collected 781 gold pieces.
You spent 52 gold pieces at shops.

Inventory:

Hand Weapons
 a - a +1 war axe of venom
 m - the +6 rapier of the Screaming Jester {vorpal, rF+ Str+3}
   (You found it on level 2 of the Dungeon)

   It inflicts extra damage upon your enemies.
   Str:       It affects your strength (+3).
   rF:        It protects you from fire.
 E - a +0 morningstar (weapon)
Armour
 c - a +0 buckler (worn)
 f - the +0 ring mail of Refuge {Harm rElec Will+++ Int-2}
   (You found it on level 6 of the Dungeon)

   Int:       It affects your intelligence (-2).
   rElec:     It insulates you from electricity.
   Harm:      It increases damage dealt and taken.
   Will:      It greatly increases your willpower.
 k - a +0 plate armour (worn)
 w - a +1 pair of gloves (worn)
 A - a +0 helmet of intelligence (worn)
Jewellery
 B - an amulet of regeneration (around neck)
 I - a ring of fire
Wands
 D - a wand of iceblast (19)
 F - a wand of flame (20)
Scrolls
 j - a scroll of identify
 n - a scroll of fear {unknown}
 o - 3 scrolls of immolation
 q - 4 scrolls of teleportation
 v - 2 scrolls of magic mapping
 y - 2 scrolls of blinking
 z - a scroll of vulnerability {unknown}
Potions
 b - a potion of haste {unknown}
 d - a potion of might
 e - 4 potions of attraction
 g - 3 potions of curing
 h - a potion of heal wounds
 i - a potion of flight {unknown}
 l - 3 potions of cancellation
 p - a potion of degeneration {unknown}
 r - a potion of magic {unknown}
 x - 2 potions of brilliance {unknown}
 C - a potion of mutation {unknown}
 G - 2 potions of invisibility {unknown}
 H - a potion of berserk rage {unknown}


   Skills:
 + Level 9.6(14.6) Fighting
 + Level 8.4(13.4) Maces & Flails
 + Level 9.6(14.6) Armour
 + Level 9.6(14.6) Shields
 * Level 6.8 Invocations


You had 10 spell levels left.
You didn't know any spells.
Your spell library contained the following spells:

 Spells                   Type           Power      Damage    Failure   Level
 Pain                     Necr           0%         1d4       98%         1
 Sting                    Tmut/Pois      0%         1d3       98%         1
 Blink                    Tloc           0%         N/A       99%         2
 Poisonous Vapours        Pois/Air       0%         N/A       99%         2
 Stone Arrow              Conj/Erth      0%         3d7       100%        3
 Olgreb's Toxic Radiance  Pois           0%         N/A       100%        4
 Agony                    Necr           0%         N/A       100%        5
 Excruciating Wounds      Necr           0%         N/A       100%        5
 Manifold Assault         Tloc           0%         N/A       100%        5
 Storm Form               Tmut/Air       0%         N/A       100%        7
 Lehudib's Crystal Spear  Conj/Erth      0%         10d2      100%        8
 Animate Armour           Summ/Erth      Unusable   N/A       N/A         4

Dungeon Overview and Level Annotations

Branches:
Dungeon (11/15)            Temple (1/1) D:7            Lair (0/6) D:10
    Orc (0/2) D:10        Ossuary (visited)           IceCv (1/1)

Altars:
Ashenzari
Cheibriados
Dithmenos
Elyvilon
Fedhas
Gozag
Hepliaklqana
Kikubaaqudgha
Makhleb
Nemelex Xobeh
Okawaru
Qazlal
Ru
Sif Muna
Trog
Uskayaw
Vehumet
Wu Jian
Xom
Yredelemnul
Zin
The Shining One
Beogh

Shops:
D:8 :[   D:11 *

Annotations:
D:11 1 runed translucent door, exclusion: door, Snorg


Innate Abilities, Weirdness & Mutations

You are immune to sickness and miasma.
Your stone body is resilient. (AC +8)
You are immune to poison.
You resist negative energy. (rN+)
You are resistant to electric shocks. (rElec)
You are resistant to unholy torment.
You are immune to petrification.
[You are dopey. (Int -2)]
[You are frail. (-10% HP)]


Message History

The troll simulacrum closely misses you.
Unknown command.
Okay, then.
Unknown command.
Unknown command.
Press: ? - help, v - describe, . - travel
Here: an ice devil The floor.
Unknown command.
The ice devil hits you. The ice devil freezes you!
Unknown command.
Unknown command.
You barely miss the ice devil.
The ice devil hits you but does no damage.
Unknown command.
You gain the combat prowess of a mighty hero.
The ice devil closely misses you.
Unknown command.
You completely miss the ice devil.
The troll simulacrum bites you but does no damage.
You block the troll simulacrum's attack.
The troll simulacrum claws you but does no damage.
Unknown command.
You impale the ice devil!!
The ice devil is heavily wounded.
The ice devil hits you but does no damage.
The troll simulacrum bites you but does no damage.
The troll simulacrum claws you. The troll simulacrum freezes you!
* * * LOW HITPOINT WARNING * * *
The troll simulacrum closely misses you.
You puncture the ice devil!
The ice devil is severely wounded.
The ice devil barely misses you.
Unknown command.
You closely miss the ice devil.
The ice devil is severely wounded.
The troll simulacrum bites you.
* * * LOW HITPOINT WARNING * * *
The troll simulacrum freezes you!
You die...

#####
##...##
##.....##
#...∩...#
#...∩.Z@#
##....4##
##...##
#...#
##...
#...
...##
#... ....


You could see an ice devil and a troll simulacrum.

Vanquished Creatures
  A two-headed ogre (D:10)
  A sixfirhy (Abyss:2)
  2 cyclopes (D:11)
  2 manticores
  An elephant (D:10)
  A gargoyle (D:9)
  Joseph (D:9)
  An unseen horror (D:10)
  A troll (D:10)
  A meliai zombie (D:10)
  A wyvern (D:9)
  A wraith (D:8)
  5 yaks
  A basilisk (D:10)
  A chaos spawn (Abyss:2)
  A water moccasin (D:6)
  4 orc warriors (D:10)
  2 necrophages
  A sky beast (D:5)
  2 black bears
  4 centaurs
  An ogre (D:4)
  A bullfrog (D:8)
  2 scorpions
  2 two-headed ogre simulacra (D:11)
  2 water moccasin zombies (Ossuary)
  A wyvern skeleton (D:7)
  A water moccasin skeleton (D:6)
  A small abomination (Abyss:2)
  13 killer bees
  8 wights
  4 howler monkeys
  3 crimson imps (D:10)
  2 bullfrog zombies
  A gnoll shaman (D:6)
  6 orc priests
  3 hounds
  A jelly (D:6)
  2 bullfrog skeletons (D:5)
  2 iguanas
  7 orc wizards
  2 spriggan simulacra (D:11)
  A troll simulacrum (D:11)
  2 killer bee zombies
  A hound zombie (D:5)
  2 mummies (Ossuary)
  11 gnolls
  5 adders
  2 shadow imps
  2 white imps
  An ufetubus (D:6)
  2 adder skeletons (D:4)
  6 adder zombies (Ossuary)
  A worm (D:5)
  3 dart slugs
  40 orcs
  7 ball pythons
  5 endoplasms
  5 giant cockroaches
  2 gnoll zombies (Ossuary)
  11 goblins
  8 hobgoblins
  3 kobolds
  6 quokkas
  3 bats
  5 frilled lizards
  7 hobgoblin zombies (Ossuary)
  6 kobold zombies (Ossuary)
  4 orc zombies (Ossuary)
  5 rats
256 creatures vanquished.

Vanquished Creatures (others)
  3 fungi (D:10)
3 creatures vanquished.

Grand Total: 259 creatures vanquished

Notes
Turn   | Place    | Note
-------+----------+-------------------------------------------
     0 | D:1      | protoss039 the Gargoyle Fighter began the quest for the
                  | Orb.
     0 | D:1      | Reached XP level 1. HP: 14/14 MP: 1/1
   280 | D:1      | Reached XP level 2. HP: 15/19 MP: 2/2
   766 | D:1      | Reached XP level 3. HP: 19/23 MP: 3/3
  1168 | D:2      | Identified the +6 rapier of the Screaming Jester {vorpal,
                  | rF+ Str+3}
  1408 | D:2      | Found a faded altar of an unknown god.
  1867 | D:3      | Reached XP level 4. HP: 29/29 MP: 4/4
  2412 | D:4      | Noticed a scorpion
  2431 | D:4      | Reached XP level 5. HP: 27/33 MP: 5/5
  2927 | D:4      | Reached XP level 6. HP: 39/39 MP: 6/6
  3330 | D:4      | You fall into a shaft and drop 1 floor!
  3330 | D:5      | Entered Level 5 of the Dungeon
  3470 | D:5      | Reached skill level 5 in Armour
  3519 | D:5      | Reached skill level 5 in Shields
  3594 | D:5      | Reached skill level 5 in Fighting
  3594 | D:5      | Reached XP level 7. HP: 28/44 MP: 7/7
  4993 | D:6      | Found a sand-covered staircase.
  5001 | Ossuary  | Entered an ossuary
  5129 | Ossuary  | Reached XP level 8. HP: 46/51 MP: 8/8
  5323 | D:6      | Reached skill level 5 in Maces & Flails
  5883 | D:6      | Identified the +3 leather armour of Hubris {Will- Dex+4}
  5906 | D:6      | Identified the +0 ring mail of Refuge {Harm rElec Will+++
                  | Int-2}
  6101 | D:7      | Noticed a yak
  6114 | D:7      | Noticed a yak
  6115 | D:7      | Noticed a yak
  6116 | D:7      | Noticed a yak
  6124 | D:7      | Noticed a yak
  6146 | D:6      | Killed a yak
  6293 | D:6      | Reached XP level 9. HP: 48/56 MP: 9/9
  6579 | D:7      | Found a basalt altar of Yredelemnul.
  6761 | D:7      | Noticed a manticore
  6886 | D:7      | Found a staircase to the Ecumenical Temple.
  6982 | D:7      | Killed a manticore
  7849 | D:8      | Found Ystung's Self-Improvement Boutique.
  8688 | D:8      | Found Zomyah's Armour Shoppe.
  8760 | Temple   | Entered the Ecumenical Temple
  8915 | Temple   | Became a worshipper of Warmaster Okawaru
  9063 | D:9      | Reached XP level 10. HP: 64/64 MP: 10/10
  9078 | D:9      | Reached skill level 1 in Invocations
  9224 | D:9      | Noticed a manticore
  9443 | D:9      | Killed a manticore
  9597 | D:9      | Noticed Joseph
  9617 | D:9      | Killed Joseph
  9711 | D:9      | Reached * piety under Okawaru
  9808 | D:9      | Noticed a gargoyle
  9823 | D:9      | Killed a gargoyle
  9951 | D:10     | Entered Level 10 of the Dungeon
  9967 | D:10     | Found a staircase to the Lair.
  9967 | D:10     | Noticed an elephant
 10358 | D:10     | Reached ** piety under Okawaru
 10638 | D:10     | Noticed a two-headed ogre
 10651 | D:10     | Killed a two-headed ogre
 10652 | D:10     | Reached skill level 5 in Invocations
 10810 | D:10     | Reached XP level 11. HP: 46/71 MP: 15/15
 10993 | D:10     | Found a staircase to the Orcish Mines.
 11046 | D:10     | Cast into level 1 of the Abyss (centaur)
 11086 | Abyss:2  | Noticed a sixfirhy
 11108 | Abyss:2  | Killed a sixfirhy
 11118 | Abyss:2  | HP: 1/71 [chaos spawn (16)]
 11127 | Abyss:2  | Noticed a wretched star
 11139 | Abyss:2  | Noticed a sixfirhy
 11145 | Abyss:2  | Noticed a large abomination
 11171 | D:10     | Escaped the Abyss
 11226 | D:10     | Reached *** piety under Okawaru
 11690 | D:11     | Noticed a cyclops
 11701 | D:11     | Killed a cyclops
 11755 | D:11     | Found Lejonega's Assorted Antiques.
 11764 | D:11     | Bought a scroll of identify for 52 gold pieces
 11834 | D:11     | Found a frozen archway.
 11892 | D:11     | Found a runed translucent door.
 11892 | D:11     | Noticed a boulder beetle
 11944 | D:11     | Noticed a cyclops
 11965 | D:11     | Killed a cyclops
 12131 | D:11     | Noticed a two-headed ogre
 12133 | D:11     | Noticed Snorg
 12183 | IceCv    | Entered an ice cave
 12202 | IceCv    | Slain by a troll simulacrum

Illustrated notes

Levels and vault maps discovered:
D:1:      lightli_arrival_isolated_outpost, layout_basic,
          wander_ebering_terrifying_dragon_lair
D:2:      layout_rooms, dreamdust_ecumenical_altar_angels_and_demons,
          kennysheep_generic_room_15
D:3:      layout_basic
D:4:      layout_basic
D:5:      nicolae_cairo_tiling, layout_cave_pods, minmay_crossroads
D:6:      layout_basic, lightli_ossuary_entry_decrepit_ruins
D:7:      layout_gridville, kennysheep_little_box,
          minmay_temple_entry_from_below_b
D:8:      layout_basic, serial_shops, nicolae_lakefront_shop,
          amcnicky_mini_rare_corridor_liquid, minmay_misc_feat_secret_circle,
          nicolae_shop_self_help
D:9:      layout_roguey, kennysheep_generic_room_4, uniq_joseph
D:10:     layout_loops_corners, david_lair_generic, david_orc_5,
          chequers_serial_rivers_room_b
D:11:     layout_roguey, serial_shops, shop,
          portal_ice_cave_entry_ice_simulacra, lightli_airlock, uniq_snorg
Temple:   kilobyte_greek_temple
IceCv:    ice_cave_tombish

Skill      XL: |  1  2  3  4  5  6  7  8  9 10 11 |
---------------+----------------------------------+-----
Armour         | 4 5 6 8 9 |  9.6
Shields        | 4 5 6 8 9 |  9.6
Fighting       | 4 5 6 8 9 |  9.6
Maces & Flails | 3 4 5 7 8 |  8.4
Invocations    | 5 6 |  6.8

Action                   |  1- 3 |  4- 6 |  7- 9 | 10-12 || total
-------------------------+-------+-------+-------+-------++-------
Melee: Flail             |    84 |       |       |       ||    84
       Rapier            |    24 |   104 |   306 |   168 ||   602
       War axe           |       |       |     5 |   143 ||   148
       Morningstar       |       |       |       |    24 ||    24
Invok: Heroism           |       |       |       |     5 ||     5
Evoke: Wand              |       |       |       |    16 ||    16
  Use: Scroll            |       |       |     7 |     8 ||    15
       Potion            |       |       |       |     2 ||     2
Armor: Scale mail        |    37 |       |       |       ||    37
       Plate armour      |    31 |    64 |   225 |   335 ||   655
Dodge: Dodged            |    35 |    44 |   116 |   147 ||   342
Block: Buckler           |    27 |    23 |    78 |   129 ||   257
